 Dungeon Sprint DCSS version 0.30-a0-371-gad7725a93e (webtiles) character file.

Game seed: 11698963322709490973

1753 Kingsmith the Fighter (level 8, -3/90 HPs)
             Began as a Minotaur Fighter on Nov 21, 2022.
             Was a Priest of the Shining One.
             Slain by a red devil
             ... wielding a +0 trident
             ... summoned by a kobold demonologist
              (18 damage)
             ... in the Dungeon (Sprint IX: "|||||||||||||||||||||||||||||").
             The game lasted 00:02:46 (635 turns).

Kingsmith the Fighter (Minotaur Fighter)             Turns: 635, Time: 00:02:48

Health: -3/90      AC:  7    Str: 25    XL:     8   Next: 78%
Magic:  2/7        EV: 12    Int:  5    God:    the Shining One [***...]
Gold:   0          SH: 12    Dex: 11    Spells: 7/7 levels left

rFire   . . .      SeeInvis .    l - +2 scimitar (flame)
rCold   . . .      Faith    .    c - +0 buckler
rNeg    + . .      Spirit   .    f - +0 troll leather armour
rPois   .          Reflect  .    (helmet restricted)
rElec   .          Harm     .    (no cloak)
rCorr   .          Rampage  .    (no gloves)
Will    .....      NoTele   +    a - +0 pair of boots
Stlth   +.........               (no amulet)
HPRegen 1.15/turn                n - +2 ring of evasion
MPRegen 0.10/turn                o - +3 ring of strength

@: divinely shielded, spiked, glowing
A: horns 2, retaliatory headbutt
a: Renounce Religion, Divine Shield, Cleansing Flame


You were in the Dungeon.
You worshipped the Shining One.
The Shining One was most pleased with you.
You visited 1 branch

Inventory:

Hand Weapons
 l - a +2 scimitar of flaming (weapon)
Armour
 a - a +0 pair of boots (worn)
 c - a +0 buckler (worn)
 f - a +0 troll leather armour (worn)
Jewellery
 n - a +2 ring of evasion (left hand)
 o - a +3 ring of strength (right hand)
Wands
 k - a wand of roots (10)
Scrolls
 i - 2 scrolls of amnesia
 j - 2 scrolls of blinking
Potions
 d - a potion of might
 e - 5 potions of curing
 g - a potion of haste
 h - 4 potions of magic


   Skills:
 * Level 14.9 Fighting
 + Level 10.7 Long Blades
 + Level 11.5 Armour
 + Level 11.4 Shields


You had 7 spell levels left.
You didn't know any spells.
Your spell library was empty.

Dungeon Overview and Level Annotations

Branches:
Dungeon (1/1)

Altars:
Cheibriados
Dithmenos
Elyvilon
Fedhas
Gozag
Hepliaklqana
Kikubaaqudgha
Makhleb
Nemelex Xobeh
Okawaru
Qazlal
Ru
Sif Muna
Trog
Uskayaw
Vehumet
Wu Jian
Xom
Yredelemnul
Zin
The Shining One
Jiyva
Lugonu


Innate Abilities, Weirdness & Mutations

You have a pair of horns on your head.
You reflexively headbutt those who attack you in melee.


Message History

The meliai invokes the aid of its god against you.
Something smites you!
The boulder beetle leaps!
The kobold demonologist gestures wildly while chanting.
You barely miss the red devil.
You headbutt the red devil, but do no damage.
You barely miss the red devil. You headbutt the red devil!
The red devil is moderately wounded.
The red devil hits you with a +0 trident.
Barbed spikes become lodged in your body.
You slash the red devil! Your headbutt misses the red devil.
The red devil is heavily wounded.
The red devil hits you with a +0 trident!
Barbed spikes become lodged in your body.
You hit the red devil. Your headbutt misses the red devil.
The red devil is severely wounded.
The kobold demonologist mumbles some strange words.
The red devil misses you.
You closely miss the red devil.
The red devil is severely wounded.
The boulder beetle leaps!
The red devil closely misses you. You furiously retaliate!
You headbutt the red devil! You hit the red devil. You headbutt the red devil.
You kill the red devil!
The red devil disappears in a puff of smoke!
The kobold demonologist casts a spell.
You barely miss the red devil. The boulder beetle closely misses you.
You hit the red devil.
The red devil is lightly wounded.
The red devil hits you with a +0 trident!
Barbed spikes become lodged in your body.
The kobold demonologist mumbles some strange words.
The boulder beetle closely misses you. You furiously retaliate!
You headbutt the boulder beetle. You hit the red devil but do no damage.
The red devil is lightly wounded.
The meliai invokes the aid of its god against you.
Something smites you!
* * * LOW HITPOINT WARNING * * *
The red devil hits you with a +0 trident!!
You die...

▓.▓
▓.▓
▓)▓
▓[▓
▓.▓
▓.▓
▓.▓
▓B▓
▓@▓
▓4▓
▓K▓
▓y▓
▓Q▓
▓.▓
▓.▓
▓.▓


You could see a boulder beetle, a tengu warrior, a kobold demonologist, a red
devil (summoned) and a meliai.

Vanquished Creatures
  A centaur warrior (D)
  2 trolls (D)
  A yak (D)
  A wyvern (D)
  2 centaurs (D)
  A phantom (D)
  A gnoll sergeant (D)
  A wight (D)
  A scorpion (D)
  An iguana (D)
  An adder (D)
  An endoplasm (D)
  2 goblins (D)
  A jackal (D)
  A bat (D)
18 creatures vanquished.

Notes
Turn   | Place    | Note
-------+----------+-------------------------------------------
     0 | D        | Kingsmith the Minotaur Fighter began the quest for the Orb.
     0 | D        | Reached XP level 1. HP: 19/19 MP: 0/0
    10 | D        | Reached skill level 4 in Fighting
    58 | D        | Noticed a gnoll sergeant
    58 | D        | Noticed a scorpion
    58 | D        | Noticed an iguana
    58 | D        | Noticed a phantom
    65 | D        | Killed a gnoll sergeant
    66 | D        | Reached skill level 6 in Fighting
    66 | D        | Reached skill level 5 in Shields
    66 | D        | Reached XP level 2. HP: 23/30 MP: 1/1
    66 | D        | Reached XP level 3. HP: 28/37 MP: 2/2
    66 | D        | Killed a scorpion
    67 | D        | Reached skill level 7 in Fighting
    67 | D        | Reached skill level 5 in Long Blades
    67 | D        | Reached XP level 4. HP: 37/47 MP: 3/3
    70 | D        | Reached skill level 8 in Fighting
    70 | D        | Reached XP level 5. HP: 42/53 MP: 4/4
    75 | D        | Killed a phantom
    76 | D        | Reached skill level 9 in Fighting
   259 | D        | Found a snail-covered altar of Cheibriados.
   259 | D        | Found a shadowy altar of Dithmenos.
   259 | D        | Found a white marble altar of Elyvilon.
   259 | D        | Found a blossoming altar of Fedhas.
   259 | D        | Found an opulent altar of Gozag.
   260 | D        | Found a hazy altar of Hepliaklqana.
   261 | D        | Found a viscous altar of Jiyva.
   262 | D        | Found an ancient bone altar of Kikubaaqudgha.
   263 | D        | Found a corrupted altar of Lugonu.
   264 | D        | Found a burning altar of Makhleb.
   265 | D        | Found a sparkling altar of Nemelex Xobeh.
   266 | D        | Found an iron altar of Okawaru.
   267 | D        | Found a stormy altar of Qazlal.
   268 | D        | Found a sacrificial altar of Ru.
   269 | D        | Found a shimmering blue altar of Sif Muna.
   270 | D        | Found a bloodstained altar of Trog.
   271 | D        | Found a hide-covered altar of Uskayaw.
   272 | D        | Found a radiant altar of Vehumet.
   273 | D        | Found an ornate altar of the Wu Jian Council.
   274 | D        | Found a shimmering altar of Xom.
   275 | D        | Found a basalt altar of Yredelemnul.
   276 | D        | Found a glowing silver altar of Zin.
   277 | D        | Found a glowing golden altar of the Shining One.
   285 | D        | Became a worshipper of the Shining One
   316 | D        | Noticed a troll
   316 | D        | Noticed a centaur
   316 | D        | Reached * piety under the Shining One
   316 | D        | Noticed a wyvern
   316 | D        | Noticed a yak
   316 | D        | Noticed a troll
   318 | D        | Reached ** piety under the Shining One
   319 | D        | Reached XP level 6. HP: 60/66 MP: 5/5
   327 | D        | Killed a troll
   328 | D        | Reached skill level 11 in Fighting
   332 | D        | Reached XP level 7. HP: 33/75 MP: 6/6
   335 | D        | Killed a wyvern
   336 | D        | Reached skill level 12 in Fighting
   340 | D        | Killed a yak
   341 | D        | Reached skill level 13 in Fighting
   341 | D        | Reached skill level 10 in Armour
   341 | D        | Reached skill level 10 in Shields
   346 | D        | Killed a troll
   347 | D        | Reached XP level 8. HP: 30/86 MP: 7/7
   616 | D        | Noticed a centaur warrior
   616 | D        | Noticed a boulder beetle
   616 | D        | Noticed a kobold demonologist
   616 | D        | Noticed a meliai
   616 | D        | Reached *** piety under the Shining One
   616 | D        | Noticed a tengu warrior
   622 | D        | Killed a centaur warrior
   623 | D        | Reached skill level 14 in Fighting
   623 | D        | Reached skill level 10 in Long Blades
   627 | D        | Noticed a red devil
   633 | D        | Noticed a red devil
   635 | D        | Slain by a red devil

Illustrated notes

Levels and vault maps discovered:
D:        linesprint [early_d, line_temple, items_1, d_10, items_2, lair_1,
          lair_end, items_3, orc_1, orc_end, items_4, d_15, swamp_1, shoals_1,
          snake_1, spider_1, d_20, vaults_1, items_5, swamp_end, shoals_end,
          snake_end, spider_end, vaults_end, d_27, items_6, zot_1, zot_end,
          crypt_end, forest_end, elf_end, slime_end, tomb_end, abyss_end,
          pan_hell_end]

Skill      XL: |  1  2  3  4  5  6  7  8 |
---------------+-------------------------+-----
Fighting       | 6 7 8 9 11 13 14 | 14.9
Armour         | 6 7 8 9 10 11 | 11.5
Shields        | 5 6 7 9 10 11 | 11.4
Long Blades    | 4 5 6 8 9 10 | 10.7

Action                   |  1- 3 |  4- 6 |  7- 9 || total
-------------------------+-------+-------+-------++-------
Melee: Long sword        |    21 |     9 |       ||    30
       Headbutt          |     4 |     7 |     9 ||    20
       Scimitar          |       |    13 |    30 ||    43
Invok: Divine Shield     |       |       |     2 ||     2
  Use: Potion            |     1 |     1 |     2 ||     4
Armor: Scale mail        |     6 |    11 |     3 ||    20
       Troll leather arm |       |       |     4 ||     4
Dodge: Dodged            |     5 |    12 |    23 ||    40
Block: Buckler           |     5 |     9 |    10 ||    24

Table legend: (Time is in decaauts)
 A = Elapsed time spent in this place.
 B = Non-inter-level travel time spent in this place.
 C = Inter-level travel time spent in this place.
 D = Time resting spent in this place.
 E = Time spent auto-exploring this place.
 F = Levels seen in this place.
 G = Mean time per level.
                   A        B        C        D        E       F      G
               +--------+--------+--------+--------+--------+-----+--------+
         Total |    648 |    648 |      0 |    460 |      0 |   1 |  648.0 |
       Dungeon |    648 |    648 |      0 |    460 |      0 |   1 |  648.0 |
               +--------+--------+--------+--------+--------+-----+--------+

Top non-repeatable levels by time:
       D: 648 daAuts
